 Dungeon Crawl Stone Soup version 0.27.0-1-g7a089689b8 (webtiles) character file.

Game seed: 17492031355504538585

11 MajorAdolf the Chopper (level 2, -1/25 HPs)
             Began as a Naga Wanderer on Aug 9, 2021.
             Slain by a jackal (3 damage)
             ... on level 1 of the Dungeon.
             The game lasted 00:02:14 (958 turns).

MajorAdolf the Chopper (Naga Wanderer)               Turns: 958, Time: 00:02:15

Health: -1/25      AC:  0    Str: 12    XL:     2   Next: 29%
Magic:  3/3        EV:  9    Int: 14    God:
Gold:   23         SH:  0    Dex: 10    Spells: 2/2 levels left

rFire    . . .     SeeInvis +   a - +0 hand axe
rCold    . . .     Faith    .   (no shield)
rNeg     . . .     Spirit   .   (no armour)
rPois    +         Reflect  .   (no helmet)
rElec    .         Harm     .   (no cloak)
rCorr    .         Rampage  .   (no gloves)
Will     .....                  (no barding)
Stlth    ++........             (no amulet)
HPRegen  0.08/turn              (no ring)
MPRegen  0.08/turn              (no ring)

@: short of breath, very slow
A: AC +0, large, see invisible, deformed body, poison resistance, slowness 2,
spit poison 1, naga tail 1
a: Spit Poison


You were on level 1 of the Dungeon.
You visited 1 branch of the dungeon, and saw 1 of its levels.

You collected 23 gold pieces.

Inventory:

Hand Weapons
 a - a +0 hand axe (weapon)
Wands
 c - a wand of charming (14)
Potions
 b - a potion of magic {unknown}


   Skills:
 - Level 1.0 Fighting
 - Level 5.0 Axes
 - Level 1.0 Throwing
 - Level 1.5 Armour
 + Level 2.5 Stealth
 + Level 0.7 Spellcasting
 - Level 1.0 Evocations


You had 2 spell levels left.
You didn't know any spells.
Your spell library contained the following spells:

 Spells                   Type           Power      Damage    Failure   Level
 Sublimation of Blood     Necr           0%         N/A       38%         2
 Petrify                  Tmut/Erth      0%         N/A       95%         4
 Irradiate                Conj/Tmut      0%         3d13      100%        5


Dungeon Overview and Level Annotations

Branches:
Dungeon (1/15)

Altars:

Shops:
D:1 !


Innate Abilities, Weirdness & Mutations

Your serpentine skin is tough. (AC +0)
You have supernaturally acute eyesight. (SInv)
Armour fits poorly on your strangely shaped body.
Your system is resistant to poisons. (rPois)
You cover ground very slowly.
You can spit poison.
You have a snake-like lower body.


Message History

The splash of poison misses the jackal.
The jackal bites you. x3
Unknown command.
You have got your breath back.
The jackal bites you.
Press: ? - help, Shift-Dir - straight line, f/p - jackal
Aim: a jackal The splash of poison misses the jackal.
The jackal bites you. The jackal misses you. The jackal barely misses you.
Unknown command.
You have got your breath back.
The jackal bites you.
Press: ? - help, Shift-Dir - straight line, f/p - jackal
Aim: a jackal The splash of poison hits the jackal.
The jackal is poisoned.
The jackal is severely wounded.
Unknown command.
The jackal bites you. x2
* * * LOW HITPOINT WARNING * * *
Unknown command.
You kill the jackal!
The jackal barely misses you.
You have got your breath back.
The jackal closely misses you. The jackal bites you.
* * * LOW HITPOINT WARNING * * *
Press: ? - help, Shift-Dir - straight line, f/p - jackal
Aim: a jackal The splash of poison misses the jackal.
The jackal barely misses you. The jackal bites you.
* * * LOW HITPOINT WARNING * * *
Unknown command.
The jackal bites you.
* * * LOW HITPOINT WARNING * * *
You have got your breath back.
Unknown command.
Press: ? - help, Shift-Dir - straight line, f/p - jackal
Aim: a jackal The splash of poison misses the jackal.
The jackal closely misses you. The jackal bites you.
You die...

#...# #.#.## #.#..#
#.##.## #.##..#
#..##.# # ##.##.# #
#..#h# # ##.#@##
#####....#
#....#.#.# ###
#.##.#.).# ..#
#.##.##..# #.#
#.##.##..## #.#
#.#.......# #.#
#.######..#
#.########........>#


You could see a jackal.

Vanquished Creatures
  2 endoplasms (D:1)
  A goblin (D:1)
  A hobgoblin (D:1)
  2 jackals (D:1)
  2 ball pythons (D:1)
  2 bats (D:1)
  A kobold (D:1)
11 creatures vanquished.

Vanquished Creatures (others)
  A hobgoblin (D:1)
1 creature vanquished.

Grand Total: 12 creatures vanquished

Notes
Turn   | Place    | Note
-------+----------+-------------------------------------------
     0 | D:1      | MajorAdolf the Naga Wanderer began the quest for the Orb.
     0 | D:1      | MajorAdolf set off with the following items: a +0 hand axe,
                  | a +0 ring mail, a wand of charming (15)
     0 | D:1      | Reached XP level 1. HP: 18/18 MP: 1/1
    30 | D:1      | Found Diteq's Distillery.
   329 | D:1      | Reached skill level 1 in Stealth
   669 | D:1      | Reached XP level 2. HP: 13/25 MP: 2/2
   958 | D:1      | Slain by a jackal

Illustrated notes

Levels and vault maps discovered:
D:1:      denvon_arrival_waterhouse, layout_basic, serial_shops, shop,
          minmay_tree_intersection

Skill      XL: |  1 |
---------------+----+-----
Stealth        | 2 |  2.5
Fighting       | |  1.0
Axes           | |  5.0
Throwing       | |  1.0
Armour         | |  1.5
Spellcasting   | |  0.7
Evocations     | |  1.0

Action                   || total
-------------------------++-------
Melee: Hand axe          ||    22
 Abil: Spit Poison       ||    14
Evoke: Wand              ||     1
Dodge: Dodged            ||    27
